 Dungeon Crawl Stone Soup version 0.31.0-11-ge490571c62 (webtiles) character file.

Game seed: 4795697395726414837

338 qw the Shooter (level 6, -4/30 HPs)
             Began as a Spriggan Hunter on Feb 4, 2024.
             Slain by a wyvern (18 damage)
             ... on level 4 of the Dungeon.
             The game lasted 00:00:10 (3000 turns).

qw the Shooter (Spriggan Hunter)                    Turns: 3000, Time: 00:00:10

Health: -4/30      AC:  2    Str:  7    XL:     6   Next: 29%
Magic:  7/7        EV: 26    Int: 11    God:
Gold:   281        SH:  5    Dex: 20    Spells: 5/5 levels left

rFire   . . .        a - +0 shortbow
rCold   . . .        (shield currently unavailable)
rNeg    . . .        c - +0 robe
rPois   .            (helmet restricted)
rElec   .            (no cloak)
rCorr   .            (gloves unavailable)
SInv    +            (boots unavailable)
Will    +....        g - amulet of reflection
Stlth   ++           i - +5 ring of evasion
HPRegen 0.25/turn    (no ring)
MPRegen 0.10/turn

%: reflection
@: hasted, very quick
A: very small, no large weapons, unfitting armour, see invisible, speed 3
a: no special abilities


You were on level 4 of the Dungeon.
You visited 1 branch of the dungeon, and saw 5 of its levels.

You collected 281 gold pieces.


Innate Abilities, Weirdness & Mutations

You are very small and have problems with some larger weapons.
You are too small for most types of armour.
You have supernaturally acute eyesight. (SInv)
You cover ground extremely quickly. (Speed+++)


   Skills:
 - Level 2.0 Fighting
 - Level 6.4 Ranged Weapons
 + Level 5.6 Dodging
 - Level 1.5 Stealth


You had 5 spell levels left.
You didn't know any spells.
Your spell library was empty.

Inventory:

Hand Weapons
 a - a +0 shortbow (weapon)
Armour
 c - a +0 robe (worn)
Jewellery
 g - an amulet of reflection (around neck)
 i - a +5 ring of evasion (left hand)
Scrolls
 e - a scroll of enchant armour
Potions
 b - a potion of haste
 f - a potion of might
 h - a potion of resistance

Dungeon Overview and Level Annotations

Branches:
Dungeon (5/15)
 Temple: D:4-7

Altars:
Nemelex Xobeh
Uskayaw

Annotations:
D:3 1 runed translucent door, Crazy Yiuf


Message History

The arrow hits the wyvern but does no damage.
The wyvern is lightly wounded.
The wyvern completely misses you.
You shoot an arrow.
The arrow hits the wyvern but does no damage.
The wyvern is lightly wounded.
The wyvern completely misses you.
You shoot an arrow. The arrow closely misses the wyvern.
The wyvern bites you.
You shoot an arrow.
The arrow hits the wyvern but does no damage.
The wyvern is lightly wounded.
The wyvern completely misses you. x2
You shoot an arrow. The arrow closely misses the wyvern.
You shoot an arrow. The arrow closely misses the wyvern.
You block the wyvern's attack. The wyvern barely misses you.
You shoot an arrow. The arrow barely misses the wyvern.
The wyvern bites you!
Ouch! That really hurt!
You shoot an arrow. The arrow hits the wyvern.
The wyvern is lightly wounded.
You block the wyvern's attack.
You shoot an arrow.
The arrow hits the wyvern but does no damage.
The wyvern is lightly wounded.
The wyvern completely misses you.
You shoot an arrow. The arrow barely misses the wyvern.
The wyvern barely misses you.
You shoot an arrow. The arrow barely misses the wyvern.
The wyvern completely misses you.
You shoot an arrow. The arrow hits the wyvern.
The wyvern is moderately wounded.
The wyvern barely misses you.
You shoot an arrow. The arrow hits the wyvern.
The wyvern is moderately wounded.
You block the wyvern's attack.
You shoot an arrow. The arrow closely misses the wyvern.
The wyvern completely misses you. The wyvern bites you!!
Ouch! That really hurt!
You die...

.. #...# .. ..#.
+##. #... ... #..
##..###### #..
#####
#........######.#
#....
#..%.........##k#
#.###
#............##@#
#.#..
####.###.....##.#
#.#.#
#.###...[.##.#
#.#.#
#...#.....#..#
#.#.#
###.....%...##
#.#.#
###..###.######
#####.#<#
##.##..##...#
#)...?###
#.##.###...#
#.#####
#..>......>#####.#


You could see a wyvern.

Vanquished Creatures
  Sigmund (D:2)
  An orc priest (D:3)
  A hound (D:5)
  3 adders
  A dart slug (D:1)
  A ribbon worm (D:4)
  4 orcs (D:3)
  2 bats
  8 endoplasms
  5 giant cockroaches
  6 goblins
  9 hobgoblins
  7 jackals (D:1)
  3 quokkas
  10 ball pythons
  5 frilled lizards
  8 kobolds
  5 rats
80 creatures vanquished.

Notes
Turn   | Place    | Note
-------+----------+-------------------------------------------
     0 | D:1      | qw the Spriggan Hunter began the quest for the Orb.
     0 | D:1      | Reached XP level 1. HP: 10/10 MP: 2/2
     0 | D:1      | 0 ||| qw: Version: 0.3-a-160-g6735b56
     0 | D:1      | 0 ||| qw: Game counter: 5804
     0 | D:1      | 0 ||| qw: Melee chars always use a shield: true
     0 | D:1      | 0 ||| qw: God list: Okawaru
     0 | D:1      | 0 ||| qw: Allow faded altars: false
     0 | D:1      | 0 ||| qw: Do Orc after clearing Dungeon:15 true
     0 | D:1      | 0 ||| qw: Do second Lair branch before Depths: true
     0 | D:1      | 0 ||| qw: Lair rune preference: random
     0 | D:1      | 0 ||| qw: Goals: Normal
     0 | D:1      | 0 ||| PLANNING D:1-11
    27 | D:1      | Reached skill level 3 in Dodging
    54 | D:1      | Reached XP level 2. HP: 14/14 MP: 3/3
   646 | D:1      | Reached XP level 3. HP: 18/18 MP: 4/4
   895 | D:1      | 895 ||| UPGRADING to amulet of reflection.
   900 | D:1      | 900 ||| UPGRADING to +5 ring of evasion.
   901 | D:1      | 901 ||| READING scroll labelled KIMYNG NYESKY.
   901 | D:1      | 901 ||| IDENTIFYING 2 red potions
   902 | D:1      | 902 ||| READING scroll labelled TUZOAQAZAPI.
   903 | D:1      | 903 ||| READING scroll labelled ICHEAD OSTENEARGHEI.
   904 | D:1      | 904 ||| DROPPING scroll of butterflies.
   905 | D:1      | 905 ||| DROPPING 2 potions of ambrosia.
  1044 | D:2      | Noticed Sigmund
  1054 | D:2      | Killed Sigmund
  1055 | D:2      | Reached skill level 6 in Ranged Weapons
  1055 | D:2      | Reached XP level 4. HP: 19/22 MP: 5/5
  1055 | D:2      | Reached XP level 5. HP: 22/25 MP: 6/6
  1956 | D:2      | 1956 ||| READING scroll of identify.
  1956 | D:2      | 1956 ||| IDENTIFYING orange potion
  1957 | D:2      | 1957 ||| READING scroll labelled CADOTU GEADOY.
  1958 | D:2      | 1958 ||| READING scroll labelled WAESOUDOA.
  2059 | D:2      | 2059 ||| DRINKING 2 amethyst potions.
  2156 | D:3      | Reached XP level 6. HP: 9/30 MP: 7/7
  2156 | D:3      | HP: 6/30 [orc/+0 whip (3)]
  2265 | D:3      | Found a faded altar of an unknown god.
  2296 | D:3      | Identified the +7 hammer of Might {drain, Will+ Int+5}
  2302 | D:3      | Found a runed translucent door.
  2303 | D:3      | Noticed Crazy Yiuf
  2337 | D:3      | Found a sparkling altar of Nemelex Xobeh.
  2387 | D:3      | Found a hide-covered altar of Uskayaw.
  2406 | D:3      | 2406 ||| DRINKING 2 viscous black potions.
  2806 | D:3      | 2806 ||| READING scroll of identify.
  2806 | D:3      | 2806 ||| IDENTIFYING scroll labelled KYEKITH OZANETE
  2913 | D:4      | You fall into a shaft and drop 1 floor!
  2913 | D:5      | Entered Level 5 of the Dungeon
  2944 | D:5      | 2944 ||| FLEEEEING.
  2945 | D:5      | 2945 ||| STAIRDANCE
  2981 | D:4      | Noticed a wyvern
  2982 | D:4      | 2982 ||| DRINKING 2 potions of haste.
  3000 | D:4      | Slain by a wyvern

Levels and vault maps discovered:
D:1:      dpeg_arrival_rooms_with_view, layout_basic
D:2:      layout_basic, uniq_sigmund
D:3:      layout_basic, amcnicky_altar_gilded, mainiacjoe_overflow_alcove_2,
          basic_ecumenical_altar, uniq_crazy_yiuf_cottage
D:4:      layout_basic, nicolae_hepliaklqana_hippocampus,
          minmay_misc_feat_pillars
D:5:      layout_basic, mainiacjoe_overflow_concentric_impassable,
          jmf_multi_god_temple2

Skill      XL: |  1  2  3  4  5 |
---------------+----------------+-----
Dodging        | 3 4 5 |  5.6
Ranged Weapons | 6 |  6.4
Fighting       | 2 |  2.0
Stealth        | |  1.5

Action                     |  1- 3 |  4- 6 || total
---------------------------+-------+-------++-------
   Fire: Shortbow          |    94 |   145 ||   239
    Use: Scroll            |     3 |     4 ||     7
         Potion            |       |     3 ||     3
 Armour: Robe              |     8 |    12 ||    20
  Dodge: Dodged            |    23 |    41 ||    64
  Block: Other             |     1 |    13 ||    14

Table legend:
 A = Non-vault XP
 B = Vault XP
 C = Vault XP percentage of total XP
 D = Non-vault monster count
 E = Vault monster count
 F = Vault count percentage of total count
                 A         B        C        D         E       F
            +---------+---------+-------+---------+---------+-------
      Total |     255 |     229 |  47.3 |      77 |       3 |   3.8
            +---------+---------+-------+---------+---------+-------
        D:1 |      53 |       3 |   5.4 |      29 |       2 |   6.5
        D:2 |      50 |     226 |  81.9 |      24 |       1 |   4.0
        D:3 |     101 |       0 |   0.0 |      18 |       0 |   0.0
        D:4 |      11 |       0 |   0.0 |       5 |       0 |   0.0
        D:5 |      40 |       0 |   0.0 |       1 |       0 |   0.0
            +---------+---------+-------+---------+---------+-------
